 Dungeon Crawl Stone Soup version 0.17.1-1-g73c8601 (webtiles) character file.

235 Miyamura the Charmwright (level 5, -1/35 HPs)
             Began as a High Elf Skald on Dec 19, 2015.
             Killed from afar by an orc wizard (7 damage)
             ... with a magic dart
             ... on level 3 of the Dungeon.
             The game lasted 00:11:52 (4540 turns).

Miyamura the Charmwright (High Elf Skald)           Turns: 4540, Time: 00:11:52

Health: -1/35      AC:  5    Str: 12    XL:     5   Next: 76%
Magic:  10/10      EV:  7    Int: 15    God:
Gold:   131        SH:  0    Dex: 15    Spells: 3 memorised, 4 levels left

rFire  . . .     SeeInvis .     a - +0 falchion
rCold  . . .     Clarity  +     b - +0 leather armour
rNeg   . . .     SustAt   .     (no shield)
rPois  .         Gourm    .     (no helmet)
rElec  .         Spirit   .     n - +0 cloak
rCorr  .         Warding  .     (no gloves)
rMut   .         Stasis   .     e - +0 pair of boots
MR     +....                    g - amulet of clarity
Stlth  +.........               l - ring of protection from magic
                                h - ring of loudness (curse)

@: infused, somewhat resistant to hostile enchantments, very unstealthy
A: no striking features
a: no special abilities


You were on level 3 of the Dungeon.
You were not hungry.

You visited 1 branch of the dungeon, and saw 3 of its levels.

You collected 131 gold pieces.

Inventory:

Hand Weapons
 a - a +0 falchion (weapon)
Armour
 b - a +0 leather armour (worn)
 e - a +0 pair of boots (worn)
 n - a +0 cloak (worn)
Magical Staves
 o - an uncursed staff of wizardry
Jewellery
 g - an amulet of clarity (around neck)
 h - a cursed ring of loudness (left hand)
 l - a ring of protection from magic (right hand)
 s - an uncursed ring of protection from magic
Potions
 f - 3 potions of might
Books
 c - a book of Battle

   Spells                             Type                      Level
   a - Infusion                       Charms                       1
   b - Shroud of Golubria             Charms/Translocation         2
   c - Song of Slaying                Charms                       2
   d - Spectral Weapon                Hexes/Charms                 3
   e - Regeneration                   Charms/Necromancy            3
Comestibles
 d - 3 bread rations
 i - a slice of pizza
 j - a beef jerky
 k - a chunk of flesh
 p - 2 meat rations
 q - 5 fruits


   Skills:
 + Level 2.7 Fighting
 + Level 3.7 Long Blades
 + Level 2.0 Armour
 + Level 2.6 Dodging
 + Level 2.4 Stealth
 + Level 3.2 Spellcasting
 + Level 4.2 Charms


You had 4 spell levels left.
You knew the following spells:

 Your Spells              Type           Power        Failure   Level  Hunger
a - Infusion              Chrm           ###...       4%          1    #......
g - Shroud of Golubria    Chrm/Tloc      #.........   21%         2    ##.....
r - Regeneration          Chrm/Necr      #.........   38%         3    ###....


Dungeon Overview and Level Annotations

Branches:
Dungeon (3/15)

Altars:
Kikubaaqudgha
Makhleb


Message History

You begin infusing your attacks with magical energy.
The orc wizard gestures at you while chanting.
The puff of flame hits you!
The orc wizard casts a spell.
The orc wizard seems to speed up.
The orc wizard casts a spell at you. The magic dart hits you!
The orc wizard points at you and mumbles some strange words.
The magic dart hits you!
Things that are here:
a short sword; a whip
Things that are here:
a chain mail; a dagger The orc wizard gestures at you while chanting.
The puff of frost hits you!
* * * LOW HITPOINT WARNING * * *
There is a stone staircase leading up here.
The orc wizard gestures at you while chanting.
The magic dart hits you!
You die...

###### #....#
##########....#####
####).@..........'.#8##
#..o.#.######....#.....
#.##.#.# ######.....
#.##o#.######## ##.....
#.##)#...o.o..# #..#8##
#....########.# #..####
#..#.########.###......
###...>.....o.....'......
#.........#.....###......


You could see an orc wizard.

Vanquished Creatures
  A giant frog (D:2)
  A giant frog skeleton (D:3)
  A hound (D:3)
  4 adders
  An ooze (D:2)
  A worm (D:2)
  4 orcs (D:3)
  11 bats
  A bat zombie (D:3)
  2 giant cockroaches (D:2)
  6 hobgoblins
  5 jackals
  11 kobolds
  5 giant newts
  10 goblins
  7 rats
  A rat zombie (D:3)
72 creatures vanquished.

Notes
Turn   | Place    | Note
--------------------------------------------------------------
     0 | D:1      | Miyamura the High Elf Skald began the quest for the Orb.
     0 | D:1      | Reached XP level 1. HP: 14/14 MP: 4/4
   500 | D:1      | Reached skill level 1 in Armour
   599 | D:1      | Reached XP level 2. HP: 19/19 MP: 6/6
  1232 | D:2      | Learned a level 2 spell: Shroud of Golubria
  1442 | D:2      | Reached skill level 1 in Stealth
  1765 | D:2      | Reached XP level 3. HP: 20/24 MP: 2/7
  2347 | D:2      | Noticed a giant frog
  2474 | D:3      | Found a burning altar of Makhleb.
  2480 | D:3      | Reached XP level 4. HP: 30/30 MP: 3/9
  3171 | D:2      | Killed a giant frog
  3171 | D:2      | Reached skill level 4 in Charms
  3171 | D:2      | Reached XP level 5. HP: 25/35 MP: 5/10
  3508 | D:3      | Learned a level 3 spell: Regeneration
  4443 | D:3      | Found an ancient bone altar of Kikubaaqudgha.
  4540 | D:3      | Killed from afar by an orc wizard

Action                   |  1- 3 |  4- 6 || total
-------------------------+-------+-------++-------
Melee: Falchion          |   153 |   103 ||   256
 Cast: Infusion          |    16 |    15 ||    31
       Shroud of Golubri |       |     1 ||     1
  Use: Scroll            |     6 |     3 ||     9
       Potion            |       |     4 ||     4
  Eat: Chunk             |     5 |     7 ||    12
